[Event "Late-Titled-Tuesday-Blitz-April-16-2024"]
[Site "Chess.com"]
[Date "2024.04.16"]
[Round "3"]
[White "pooh2012"]
[Black "Harsha_Bharathakoti"]
[Result "0-1"]
[WhiteElo "2514"]
[BlackElo "2914"]
[TimeControl "180+1"]
[EndTime "14:27:07 PDT"]
[Termination "Harsha_Bharathakoti won on time"]

1. Nf3 d5 2. b3 c6 3. Bb2 h6 4.
e3 Bf5 5. c4 e6 6. Be2 Nf6 7.
O-O Be7 8. Nc3 Nbd7 9. cxd5 exd5 10. a3 a5 11. Re1 O-O 12. d3 Re8 13. Qc2 Bh7 14. Bf1 Nc5 15. Nd4 Bd6 16. h3 Ncd7 17. f4 Rc8 18. Rad1 Nc5 19. Nb1 Qb6 20. Nd2 Ncd7 21.
a4 Bb4 22. Re2 Nc5 23. N2f3 Re7 24. Ne5 Rce8 25. Ndf3 Nfd7 26. Bd4 Qd8 27. Rf2 Ne6 28. Bb2 Ndf8 29. g4 f6 30. f5 Ng5 31. Nxg5 hxg5 32. Nf3 Rxe3 33. Bd4 R3e7 34. h4 c5 35. Bb2 gxh4 36.
Nxh4 Re1 37. Ng2 Rxd1 38. Qxd1 Nd7 39. Nf4 Ne5 40. Bg2 Nf7 41. Nxd5 Re1+ 0-1

[Event "Late-Titled-Tuesday-Blitz-April-16-2024"]
[Site "Chess.com"]
[Date "2024.04.16"]
[Round "3"]
[White "pfalcon1949"]
[Black "jinxy2009"]
[Result "1/2-1/2"]
[WhiteElo "1961"]
[BlackElo "2332"]
[TimeControl "180+1"]
[EndTime "14:27:07 PDT"]
[Termination "Game drawn by repetition"]

1. e4 c5 2. Nf3 Nc6 3. d4 cxd4 4. Nxd4 Nf6 5. Nc3 e5 6. Ndb5 d6 7. Nd5 Nxd5 8. exd5 Nb8 9. a4 Be7 10. Be2 O-O 11.
Bd2 a6 12. Na3 a5 13. O-O Nd7 14. Nb5 f5 15. c3 f4 16. f3 Nf6 17. Be1 Nh5 18.
Bf2 Rf6 19. Bd3 Rh6 20. Be4 Bh4 21. Qc2 Qg5 22. Nc7 Bxf2+ 23. Qxf2 Ng3 24. Nxa8 Rxh2 25.
Qb6 Rh1+ 26. Kf2 Nxe4+ 27. fxe4 Qg3+ 28. Ke2 Bg4+ 29. Kd2 Qxg2+ 30. Rf2 Qxe4 31. Qd8+ Kf7 32. Qc7+ Kg8 33. Qd8+ Kf7 34. Qc7+ Kg8 35. Qd8+ 1/2-1/2

[Event "Late-Titled-Tuesday-Blitz-April-16-2024"]
[Site "Chess.com"]
[Date "2024.04.16"]
[Round "3"]
[White "B_nn_t"]
[Black "bascheyaro"]
[Result "0-1"]
[WhiteElo "2564"]
[BlackElo "2834"]
[TimeControl "180+1"]
[EndTime "14:27:14 PDT"]
[Termination "bascheyaro won by resignation"]

1. e4 e6 2. d4 d5 3. Nc3 Bb4 4. e5 Ne7 5. Bd2 b6 6. a3 Bxc3 7. Bxc3 Ba6 8. Bxa6 Nxa6 9. h4 Nb8 10. h5 h6 11. f4 c5 12. Nf3 Nbc6 13. g4 Rc8 14. Qe2 Qc7 15. Rd1 O-O 16. Rg1 cxd4 17. Nxd4 Nxd4 18.
Rxd4 Nc6 19. Rd3 Kh8 20. g5 Ne7 21. gxh6 gxh6 22. Bb4 Rg8 23. Rxg8+ Rxg8 24. Bxe7 Qxe7 25. Qf2 Rg4 26. Rh3 Qc5 27. Qxc5 bxc5 28. Rf3 Rh4 29. Ke2 Rxh5 30. Rg3 Rh2+ 31. Kd3 Rf2 32. Rg4 Kh7 33. b3 a5 34. a4 h5 35. Rg5 Kh6 36. Rg8 Rxf4 37.
Ra8 h4 38. Rxa5 h3 39. Ra8 Rh4 40. Rh8+ Kg5 41. Rg8+ Kf4 42. Rg1 h2 43. Rh1 Kg3 44. a5 Kg2 45. Rxh2+ Rxh2 46. a6 Rh1 0-1

[Event "Late-Titled-Tuesday-Blitz-April-16-2024"]
[Site "Chess.com"]
[Date "2024.04.16"]
[Round "3"]
[White "JiangoFett"]
[Black "Fins0905"]
[Result "0-1"]
[WhiteElo "2544"]
[BlackElo "2775"]
[TimeControl "180+1"]
[EndTime "14:27:14 PDT"]
[Termination "Fins0905 won by resignation"]

1. c4 c6 2. d4 d5 3. Nf3 Nf6 4.
Nc3 dxc4 5. a4 Bf5 6. Ne5 Nbd7 7. Nxc4 Nb6 8. Ne5 a5 9. e3 h6 10. Bd3 Bxd3 11. Qxd3 e6 12. O-O Bb4 13. Ne2 O-O 14. Ng3 Qe7 15. b3 Rfd8 16. Bb2 Rac8 17. Rfd1 Nbd7 18. Nc4 Nd5 19. e4 Nf4 20. Qf3 Ng6 21. Nh5 Qg5 22. Bc1 Nh4 23. Bxg5 Nxf3+ 24. gxf3 hxg5 25.
Rac1 b5 26. Ne3 Nb6 27. axb5 cxb5 28. Ng3 Rxc1 29. Rxc1 Rxd4 30. Rc6 Rd6 31. Rc7 a4 32. Ng4 axb3 33. Ne5 b2 0-1

[Event "Late-Titled-Tuesday-Blitz-April-16-2024"]
[Site "Chess.com"]
[Date "2024.04.16"]
[Round "3"]
[White "MathiasWomacka"]
[Black "CarlosjPineror"]
[Result "1-0"]
[WhiteElo "2509"]
[BlackElo "2696"]
[TimeControl "180+1"]
[EndTime "14:27:14 PDT"]
[Termination "MathiasWomacka won by resignation"]

1. e4 c5 2. Nf3 e6 3. d4 cxd4 4.
Nxd4 a6 5. Bd3 Qc7 6. Qe2 Nf6 7.
O-O h5 8. h3 b5 9. a4 b4 10. Nd2 Bb7 11. a5 Nc6 12. Nxc6 Qxc6 13. Re1 Be7 14. Nc4 d5 15. exd5 Qxd5 16. f3 Rd8 17.
Nb6 Qc6 18. Bxa6 Bxa6 19. Qxa6 Bc5+ 20. Be3 Bxe3+ 21. Rxe3 Qc5 22. Qe2 O-O 23. Kh1 h4 24. Re5 Qc7 25. Nc4 Rd4 26. b3 g6 27. a6 Nh5 28.
Rxh5 gxh5 29. Qe3 Rd5 30. a7 Ra8 31. Nb6 Rxa7 32. Rxa7 Qxa7 33. Nxd5 Qa1+ 34. Qg1 Qxg1+ 35. Kxg1 exd5 36. Kf2 Kf8 37. Ke3 Ke7 38. Kd4 Kd6 39. c3 bxc3 40. Kxc3 Ke5 41. b4 f5 42. b5 f4 43. b6 Kd6 44. Kd4 Kc6 45. b7 Kxb7 46. Kxd5 Kb6 47. Ke5 Kc5 48. Kxf4 Kd4 49. Kg5 Ke3 50.
Kxh4 Kf2 1-0

[Event "Late-Titled-Tuesday-Blitz-April-16-2024"]
[Site "Chess.com"]
[Date "2024.04.16"]
[Round "3"]
[White "AlejandroArias"]
[Black "Jimonios"]
[Result "0-1"]
[WhiteElo "2418"]
[BlackElo "2616"]
[TimeControl "180+1"]
[EndTime "14:27:14 PDT"]
[Termination "Jimonios won on time"]

1. e3 Nf6 2. Nf3 b6 3. d4 Bb7 4. Bd3 d6 5. c4 Nbd7 6. O-O e5 7. Be2 g6 8. Nc3 Bg7 9. Re1 O-O 10. Qc2 a5 11. b3 Qe7 12. Bb2 Rae8 13. a3 Nh5 14. Nd5 Qd8 15. b4 f5 16. bxa5 bxa5 17. Bc3 c6 18.
dxe5 dxe5 19. Qd2 cxd5 20. Bxa5 Qa8 21. cxd5 Nhf6 22. Bb4 Rf7 23. Ng5 Ne4 24. Nxe4 fxe4 25. Red1 h5 26. Bb5 Rd8 27. a4 Nf6 28. a5 Rxd5 29.
Qe2 Ng4 30. Be1 Rxd1 31. Rxd1 Bf8 32. Bc4 Nh6 33. Rd7 Bc6 34. Rxf7 Nxf7 35. Qa2 Be8 36. a6 Bc5 37. Bc3 Kg7 38. h3 Qa7 39. Bxf7 Bxf7 40. Bxe5+ Kg8 41. Qb2 Qxa6 42. Qb8+ Bf8 43. Qd8 Qe6 44.
Bd4 Qd6 45. Qa5 Bd5 46. Qd2 Qa6 47. Qc3 Bd6 48. Bh8 Qb7 49. Qd4 Qb1+ 0-1

[Event "Late-Titled-Tuesday-Blitz-April-16-2024"]
[Site "Chess.com"]
[Date "2024.04.16"]
[Round "3"]
[White "noblerone"]
[Black "combidharma"]
[Result "0-1"]
[WhiteElo "2496"]
[BlackElo "2823"]
[TimeControl "180+1"]
[EndTime "14:27:15 PDT"]
[Termination "combidharma won on time"]

1. d4 Nf6 2. Nf3 c5 3. e3 cxd4 4. exd4 g6 5. Bd3 Bg7 6. O-O d5 7. h3 O-O 8. Bf4 Nc6 9. c3 a6 10. a4 Ne8 11. Re1 Nd6 12. Nbd2 Rb8 13. b4 Bf5 14.
Bxd6 Qxd6 15. Bxf5 gxf5 16. a5 Rfc8 17. Nb3 e6 18. Nc5 Na7 19. Rc1 Nb5 20. Ne5 Qe7 21. Qh5 Nd6 22. Ned7 Kh8 23. Nxb8 Rxb8 24. f3 Rg8 25. Nd3 Bf6 26. Ne5 Rg5 27. Qh6 Bg7 28. Qxg5 Qxg5 29. c4 Bxe5 30. dxe5 Nxc4 0-1

[Event "Late-Titled-Tuesday-Blitz-April-16-2024"]
[Site "Chess.com"]
[Date "2024.04.16"]
[Round "3"]
[White "KorolDimitriy75"]
[Black "ansko1999"]
[Result "1/2-1/2"]
[WhiteElo "2315"]
[BlackElo "2574"]
[TimeControl "180+1"]
[EndTime "14:27:16 PDT"]
[Termination "Game drawn by repetition"]

1. d4 d5 2. c4 e6 3. Nc3 c6 4. e3 Bd6 5. Nf3 f5 6. Ne5 Nf6 7. f4 O-O 8. Be2 Bd7 9. Qb3 Qb6 10. c5 Qxb3 11. axb3 Bc7 12. b4 a6 13. b5 cxb5 14. Bxb5 Bxb5 15. Nxb5 Bxe5 16. fxe5 Ne4 17. Nc7 Ra7 18. Nxe6 Rf7 19. Nf4 Nc6 20. Nxd5 Ra8 21.
Ke2 Rd8 22. Nc3 Nb4 23. Rf1 g6 24. Ra4 Nd5 25. Nxe4 fxe4 26. Rxf7 Kxf7 27. Bd2 Ke6 28. b4 Nc7 29. Ra1 Rf8 30. Be1 Kd5 31. Rc1 Ne6 32. Bh4 g5 33. Bg3 h5 34. h3 h4 35.
Be1 Rf7 36. Bf2 Rf8 37. Be1 Rf7 38. Rb1 Nc7 39. Rc1 Ne6 1/2-1/2

[Event "Late-Titled-Tuesday-Blitz-April-16-2024"]
[Site "Chess.com"]
[Date "2024.04.16"]
[Round "3"]
[White "Hikaru"]
[Black "JaloliddinIlkhomi"]
[Result "1-0"]
[WhiteElo "3273"]
[BlackElo "2788"]
[TimeControl "180+1"]
[EndTime "14:27:18 PDT"]
[Termination "Hikaru won on time"]

1. d4 Nf6 2. Bg5 e6 3. e4 Be7 4.
Nd2 d5 5. e5 Nfd7 6. Bxe7 Qxe7 7.
Qg4 O-O 8. Bd3 f5 9. exf6 Nxf6 10. Qh4 e5 11. Bxh7+ Kf7 12. Ngf3 Rh8 13. Bg6+ Kg8 14. Qg5 exd4+ 15. Kf1 Nc6 16. Re1 Qd6 17. h4 Bg4 18. h5 Rh6 19. Rh4 Bxf3 20. Nxf3 Rf8 21. Rf4 Ne7 22. Nh4 Nxg6 23. Nxg6 Rxh5 24. Qxh5 Nxh5 25. Rxf8+ Kh7 26. Ne7 Qh2 27. g3 Nf6 28. Ke2 Ne4 29.
Kd1 Qh6 30. Ke2 Qa6+ 31. Kf3 Qh6 32. Kg2 Nxf2 33. Rxf2 1-0

[Event "Late-Titled-Tuesday-Blitz-April-16-2024"]
[Site "Chess.com"]
[Date "2024.04.16"]
[Round "3"]
[White "jcibarra"]
[Black "Rutricks"]
[Result "1-0"]
[WhiteElo "2922"]
[BlackElo "2692"]
[TimeControl "180+1"]
[EndTime "14:27:18 PDT"]
[Termination "jcibarra won by resignation"]

1. d4 g6 2. Nc3 Bg7 3. Bf4 a6 4. e4 b5 5. Nf3 Bb7 6. Bd3 d6 7. e5 e6 8. Qe2 Ne7 9. Ne4 Bxe4 10. Bxe4 d5 11. Bd3 Nd7 12. h4 h6 13. c3 c5 14. Kf1 Qb6 15. Rd1 Rc8 16. g3 c4 17. Bc2 Kd8 18. h5 g5 19. Be3 f5 20.
exf6 Bxf6 21. Nh2 Nf5 22. Ng4 Bg7 23. Kg2 Kc7 24. Rhe1 Rce8 25. Bc1 Rhf8 26. b3 Qc6 27. bxc4 bxc4 28. Ba3 Rf7 29. Rb1 Bf8 30. Bxf8 Rexf8 31. Qxe6 Nd6 32. Qxh6 Qa8 33. Re6 Nb5 34. Rxa6 Qb7 35.
Ba4 Rf6 36. Nxf6 Qa7 37. Rxa7+ 1-0

[Event "Late-Titled-Tuesday-Blitz-April-16-2024"]
[Site "Chess.com"]
[Date "2024.04.16"]
[Round "3"]
[White "Denmark2015"]
[Black "LuisFSiles"]
[Result "1/2-1/2"]
[WhiteElo "2582"]
[BlackElo "2388"]
[TimeControl "180+1"]
[EndTime "14:27:19 PDT"]
[Termination "Game drawn by repetition"]

1. d4 Nf6 2. c4 g6 3. Nc3 d5 4. cxd5 Nxd5 5. e4 Nxc3 6. bxc3 Bg7 7. Qa4+ c6 8. Nf3 O-O 9. Be3 b5 10. Qa3 a5 11. Be2 Na6 12. Rd1 b4 13. Qc1 c5 14. O-O Qc7 15. Rfe1 cxd4 16. cxd4 Qb7 17. e5 Be6 18. Qd2 Bd5 19. Bh6 Rfc8 20. Bxg7 Kxg7 21.
Rc1 Rxc1 22. Rxc1 Rc8 23. Ne1 Rxc1 24. Qxc1 Bxa2 25. Qa1 b3 26. Qb2 Nb4 27. Nd3 Nxd3 28. Bxd3 Qb4 29. Kf1 a4 30. e6 a3 31. Qe2 Qxd4 32.
g3 b2 33. exf7 b1=Q+ 34. Bxb1 Bxb1 35. Qxe7 Qc4+ 36. Kg1 Qxf7 37. Qe5+ Qf6 38. Qc7+ Kh6 39. Qc1+ Kg7 40. Qxb1 Qb2 41. Qe4 a2 42. Qe7+ Kh6 43. Qh4+ Kg7 44. Qe7+ Kh6 45. Qh4+ Kg7 46. Qe7+ 1/2-1/2

[Event "Late-Titled-Tuesday-Blitz-April-16-2024"]
[Site "Chess.com"]
[Date "2024.04.16"]
[Round "3"]
[White "1g60-1"]
[Black "VD_coach"]
[Result "1-0"]
[WhiteElo "2443"]
[BlackElo "2612"]
[TimeControl "180+1"]
[EndTime "14:27:20 PDT"]
[Termination "1g60-1 won by resignation"]

1. e4 c5 2. Nf3 d6 3. d4 cxd4 4. Nxd4 Nf6 5. Nc3 g6 6. Be3 Bg7 7. f3 O-O 8. Qd2 Nc6 9. Bc4 Bd7 10. O-O-O Rc8 11. Bb3 Ne5 12. h4 Qa5 13. h5 Rxc3 14.
bxc3 Nxh5 15. g4 Nf6 16. Bh6 Nxf3 17. Qf4 Nxd4 18. cxd4 Qc3 19. Kb1 e5 20. dxe5 dxe5 21. Qc1 Bxg4 22. Bxg7 Kxg7 23. Qh6+ Kg8 24. Rdf1 Bf3 25.
Rh3 Rd8 26. Rhxf3 1-0

[Event "Late-Titled-Tuesday-Blitz-April-16-2024"]
[Site "Chess.com"]
[Date "2024.04.16"]
[Round "3"]
[White "Lady_Nika"]
[Black "KaydenTroffChess"]
[Result "0-1"]
[WhiteElo "2499"]
[BlackElo "2865"]
[TimeControl "180+1"]
[EndTime "14:27:22 PDT"]
[Termination "KaydenTroffChess won by checkmate"]

1. e4 c5 2. Nf3 g6 3. g3 Bg7 4. Bg2 Nc6 5. O-O d6 6. Nc3 Rb8 7. a4 Nf6 8. Re1 O-O 9. h3 a6 10. d3 b5 11. axb5 axb5 12. Ne2 b4 13. Nd2 Be6 14.
f4 d5 15. e5 Nd7 16. c3 bxc3 17. bxc3 Qc7 18. Ba3 Rfd8 19. d4 Na5 20. Kh2 Nc4 21. Nxc4 dxc4 22. d5 Nb6 23. Qc2 Nxd5 24. Ng1 Rb3 25. Bb2 Rdb8 26. Ra2 Qb6 27. Ba1 Bh6 28. Nf3 Rb1 29. Rxb1 Qxb1 30. Qa4 Nxf4 31. Nd2 Qe1 32.
Nf3 Qe3 33. Qc6 Nxg2 34. Kxg2 Qd3 35. Qxc5 Bd5 36. Rf2 Be3 37. Qc7 Bxf3+ 38. Rxf3 Qe2+ 39. Kh1 Rb1+ 40. Rf1 Rxf1# 0-1

[Event "Late-Titled-Tuesday-Blitz-April-16-2024"]
[Site "Chess.com"]
[Date "2024.04.16"]
[Round "3"]
[White "dvglko"]
[Black "GAO"]
[Result "1-0"]
[WhiteElo "2517"]
[BlackElo "2297"]
[TimeControl "180+1"]
[EndTime "14:27:22 PDT"]
[Termination "dvglko won by resignation"]

1. e4 c5 2. Nf3 Nc6 3. Bb5 g6 4. O-O Bg7 5. c3 Nf6 6. Re1 O-O 7. d4 d5 8. exd5 Nxd5 9. dxc5 Bg4 10. h3 Bxf3 11.
Qxf3 e6 12. Bxc6 bxc6 13. Nd2 a5 14. Ne4 a4 15. Bg5 Qa5 16. c4 Nb4 17. Bd2 Bxb2 18. a3 Bxa1 19. Bxb4 Qa6 20. Rxa1 f5 21. Nd6 e5 22.
Re1 e4 23. Qc3 Qa7 24. Qe3 Rad8 25. Bc3 Rd7 26. Qd4 Rg7 27. Qxg7+ Qxg7 28. Bxg7 Kxg7 29. Rb1 Kf6 30. Rb6 Ke5 31. Rxc6 Rb8 32. Nb5 Rd8 33.
Rd6 Rc8 34. c6 f4 35. c7 e3 36. fxe3 fxe3 37. Rd8 e2 38. Kf2 1-0

[Event "Late-Titled-Tuesday-Blitz-April-16-2024"]
[Site "Chess.com"]
[Date "2024.04.16"]
[Round "3"]
[White "Agustin_Meza"]
[Black "Jahonas"]
[Result "1-0"]
[WhiteElo "2208"]
[BlackElo "2389"]
[TimeControl "180+1"]
[EndTime "14:27:22 PDT"]
[Termination "Agustin_Meza won by checkmate"]

1. e4 e5 2. Nf3 Nc6 3. Bb5 Nf6 4.
O-O a6 5. Ba4 Be7 6. d3 b5 7. Bb3 O-O 8. a4 Bb7 9. a5 d6 10. Re1 Nd7 11. Be3 Nc5 12. Bd5 Kh8 13. Bxc5 dxc5 14. Nxe5 Nxe5 15. Bxb7 Ra7 16. Bd5 c6 17.
Bb3 Qd4 18. Nc3 b4 19. Ne2 Qd8 20. Ng3 g6 21. f4 Nd7 22. Kh1 Bf6 23. e5 Bg7 24.
Ne4 Qe7 25. Qf3 f6 26. exf6 Nxf6 27. Ng5 Qd6 28. Re6 Qd4 29. Rae1 Nd5 30. Qh3 Bf6 31. Re7 Bxg5 32. Qxh7# 1-0

[Event "Late-Titled-Tuesday-Blitz-April-16-2024"]
[Site "Chess.com"]
[Date "2024.04.16"]
[Round "3"]
[White "Karttunen"]
[Black "ChadBiryani"]
[Result "1-0"]
[WhiteElo "2696"]
[BlackElo "2473"]
[TimeControl "180+1"]
[EndTime "14:27:23 PDT"]
[Termination "Karttunen won on time"]

1. d4 f5 2. Nc3 Nf6 3. Bg5 d5 4. Bxf6 exf6 5. e3 Be6 6. Bd3 g6 7. Nge2 c6 8. b3 a5 9. O-O h5 10. Na4 Nd7 11. c4 Bd6 12. Nac3 O-O 13. cxd5 cxd5 14.
g3 Rc8 15. Rc1 Qe7 16. Nf4 Bf7 17. Ncxd5 Bxd5 18. Nxd5 Qg7 19. Qf3 Ba3 20. Rxc8 Rxc8 21. Bc4 Kh7 22. Nf4 Nf8 23. Qd5 Bb4 24. a4 Rc7 25. Rd1 h4 26. Kg2 g5 27. Qxf5+ Kh6 28. Nd5 Rc6 29. Rg1 Ng6 30. Kh1 b6 31. Qf3 Rd6 32. Be2 Kh7 33. Nxb4 axb4 34. Rc1 Ne7 35. Rc7 g4 36. Qe4+ 1-0

[Event "Late-Titled-Tuesday-Blitz-April-16-2024"]
[Site "Chess.com"]
[Date "2024.04.16"]
[Round "3"]
[White "pirulillo"]
[Black "Slovak_fighter2000"]
[Result "0-1"]
[WhiteElo "2334"]
[BlackElo "2533"]
[TimeControl "180+1"]
[EndTime "14:27:23 PDT"]
[Termination "Slovak_fighter2000 won by checkmate"]

1. e4 c5 2. Nf3 d6 3. d4 cxd4 4. Nxd4 Nf6 5. Nc3 Nc6 6. Bg5 e6 7. Bb5 Bd7 8. Bxc6 bxc6 9. Qf3 Be7 10. e5 dxe5 11. Nxc6 Bxc6 12. Qxc6+ Kf8 13. Bxf6 Bxf6 14. Ne4 Rc8 15. Qa4 Qd4 16. Qxd4 exd4 17. Kd2 Ke7 18. f4 Rhd8 19. g4 g6 20. h4 Bg7 21. g5 h5 22. Rh3 Rc7 23. Rd3 Rb8 24. Rb3 Rbc8 25. Rc1 e5 26. fxe5 Bxe5 27. Rf3 Kf8 28. Kd3 Kg7 29. Rf2 Rb8 30. b3 a5 31. a4 Rxb3+ 32. cxb3 Rxc1 33. Rc2 Re1 34. Re2 Rh1 35. Kc4 Rxh4 36.
Kb5 d3 37. Re1 Rxe4 38. Rxe4 d2 39. Rxe5 d1=Q 40. Kxa5 Qxb3 41. Rb5 Qc3+ 42. Kb6 h4 43. a5 h3 44. a6 h2 45. a7 h1=Q 46. a8=Q Qxa8 47.
Re5 Qcc6# 0-1

[Event "Late-Titled-Tuesday-Blitz-April-16-2024"]
[Site "Chess.com"]
[Date "2024.04.16"]
[Round "3"]
[White "BardArtem"]
[Black "EddieMarsalla"]
[Result "0-1"]
[WhiteElo "2826"]
[BlackElo "2585"]
[TimeControl "180+1"]
[EndTime "14:27:26 PDT"]
[Termination "EddieMarsalla won on time"]

1. e4 c6 2. d4 d5 3. exd5 cxd5 4. Bd3 Nc6 5. c3 Qc7 6. Ne2 Bg4 7. O-O f6 8. f3 Bh5 9. Qe1 Bf7 10. Bf4 Qb6 11. Nd2 e5 12. Be3 Nge7 13. Qf2 Qc7 14. c4 dxc4 15. Bxc4 Bxc4 16. Nxc4 Nf5 17. d5 Nb4 18.
Rfc1 Nd3 19. Nb6 Qd8 20. Nxa8 Nxf2 21. Nc7+ Kf7 22. Bxf2 Bd6 23. Ne6 Qa5 24. Rd1 Rc8 25.
Nc3 Bb4 26. Ne4 Rc2 27. a3 Be7 28. b4 Qb5 29. h3 Nd6 30. Nxd6+ Bxd6 31. Bc5 Qe2 32.
Nf4 exf4 0-1

[Event "Late-Titled-Tuesday-Blitz-April-16-2024"]
[Site "Chess.com"]
[Date "2024.04.16"]
[Round "3"]
[White "DanielDardha2005"]
[Black "TangerineandLemon25"]
[Result "1-0"]
[WhiteElo "2869"]
[BlackElo "2604"]
[TimeControl "180+1"]
[EndTime "14:27:30 PDT"]
[Termination "DanielDardha2005 won on time"]

1. d4 d5 2. Qd3 g6 3. e4 dxe4 4. Qxe4 Bg7 5. Nf3 Nf6 6. Qh4 O-O 7. Bh6 Bf5 8. Na3 Ne4 9. Bd3 Nd6 10. Ng5 Bxd3 11.
Bxg7 Kxg7 12. Qxh7+ Kf6 13. Qh4 Nf5 14. Qf4 Qxd4 15. Qxd4+ Nxd4 16. Nh7+ Kg7 17. Nxf8 Bxc2 18.
Rc1 Bf5 19. Nxg6 Kxg6 20. Rxc7 Nbc6 21. Rxb7 Rd8 22. f3 Ne6 23. Nc4 Nf4 24. Rc7 Nb4 25.
O-O Bd3 26. Ne5+ Kf6 27. Nxd3 Nbxd3 28. g3 Ne2+ 29. Kg2 Rg8 30. Rd1 Ne5 31. Kf2 1-0

[Event "Late-Titled-Tuesday-Blitz-April-16-2024"]
[Site "Chess.com"]
[Date "2024.04.16"]
[Round "3"]
[White "rhwr"]
[Black "DinaBelenkaya"]
[Result "0-1"]
[WhiteElo "2242"]
[BlackElo "2431"]
[TimeControl "180+1"]
[EndTime "14:27:31 PDT"]
[Termination "DinaBelenkaya won by resignation"]

1. e4 c6 2. Nc3 d5 3. d4 dxe4 4. Nxe4 Bf5 5. Ng3 Bg6 6. h4 h6 7.
h5 Bh7 8. Nf3 e6 9. Bd3 Bxd3 10.
Qxd3 Nf6 11. Bd2 Be7 12. O-O-O O-O 13. Ne4 Nxe4 14. Qxe4 Qd5 15. Qxd5 cxd5 16. Ne5 Nc6 17. Bc3 Bg5+ 18. Kb1 Rfc8 19. g3 Nxe5 20. dxe5 Rc4 21.
f4 Be7 22. Rd4 Rac8 23. Rxc4 Rxc4 24. Rd1 Bc5 25. Be1 Re4 26. a3 b5 27. Ka2 Re2 28.
Kb3 Rh2 29. a4 a6 30. axb5 axb5 31. Ra1 Re2 32. c3 Kh7 33. Rd1 Rh2 34. Ra1 Rh1 35.
Ka2 Rxh5 36. Kb3 Rh1 37. Ka2 h5 38. b4 Be3 39. Kb2 Rh2+ 40. Kb3 Re2 41. Rd1 Kg6 42. Ka3 Kf5 43. Kb3 Kg4 44. Ka3 Kf3 45. Kb3 Kg2 46. Ka3 Kf3 47. Kb3 Rh2 48. Ra1 Rh1 49. Ka2 Ke2 0-1

[Event "Late-Titled-Tuesday-Blitz-April-16-2024"]
[Site "Chess.com"]
[Date "2024.04.16"]
[Round "3"]
[White "GWR2024"]
[Black "KVAIDAN"]
[Result "0-1"]
[WhiteElo "2178"]
[BlackElo "2385"]
[TimeControl "180+1"]
[EndTime "14:27:34 PDT"]
[Termination "KVAIDAN won by resignation"]

1. e4 e5 2. Nf3 d5 3. d4 dxe4 4. Nxe5 Bd6 5. Nc4 Nf6 6. Nc3 Nc6 7. Be3 Bb4 8. a3 Bxc3+ 9. bxc3 Nd5 10. Qd2 O-O 11.
Be2 f5 12. g3 Qf6 13. Bf4 h6 14. h4 Nce7 15. Be5 Qe6 16. Ne3 c6 17. c4 Nxe3 18.
Qxe3 Ng6 19. Bc7 Bd7 20. h5 Ne7 21. Rd1 b5 22. Qc3 bxc4 23. Bxc4 Nd5 24. Bxd5 cxd5 25.
Be5 Rac8 26. Qe3 Ba4 27. Rc1 Rc4 28. c3 Qe7 29. Qf4 Rd8 30. Qxf5 Bd7 31. Qg6 Rc6 32. Qxg7+ Qxg7 33. Bxg7 Kxg7 34. Kd2 Rb8 35. Rb1 Rcb6 36. Rxb6 Rxb6 37. c4 dxc4 38. Kc3 Be6 39. d5 Bxd5 40. Kd4 Rd6 41. Ke5 Rd7 42. Rd1 a5 43. g4 Re7+ 44.
Kd4 Bf7 45. Ke3 c3 46. Rc1 Rc7 47. Kxe4 c2 48. Kd3 Bb3 49. Kd2 a4 50. Re1 Rd7+ 51. Kc3 Rd1 52. Re7+ Kf8 53. Kb4 Kxe7 0-1

[Event "Late-Titled-Tuesday-Blitz-April-16-2024"]
[Site "Chess.com"]
[Date "2024.04.16"]
[Round "3"]
[White "martinmena"]
[Black "Leebit02"]
[Result "0-1"]
[WhiteElo "2184"]
[BlackElo "2542"]
[TimeControl "180+1"]
[EndTime "14:27:35 PDT"]
[Termination "Leebit02 won on time"]

1. c4 e5 2. g3 Nf6 3. Bg2 d5 4. cxd5 Nxd5 5. Nc3 Nb6 6. Nf3 Nc6 7. O-O Be7 8. d3 O-O 9. a3 Be6 10. b4 f6 11. Bb2 Rb8 12. Rc1 Re8 13. Ne4 Bd5 14.
Nc5 Nd4 15. Nxd4 exd4 16. Bxd5+ Qxd5 17. Qb3 Bxc5 18. Qxd5+ Nxd5 19. Rxc5 Rbd8 20. Bxd4 Rxe2 21. Rcc1 c6 22. Bxa7 Ra8 23. Bc5 Rxa3 24. b5 Rxd3 25. bxc6 bxc6 26. Ba7 Ne7 27. Bc5 Ng6 28. Be3 Ne5 29.
Bf4 Nf3+ 30. Kg2 g5 31. Be3 Rdxe3 32. Rxc6 Kg7 33. Rc7+ Kg6 34. Rd1 g4 0-1

[Event "Late-Titled-Tuesday-Blitz-April-16-2024"]
[Site "Chess.com"]
[Date "2024.04.16"]
[Round "3"]
[White "Romkachess"]
[Black "DonkyDonkyDonkey"]
[Result "0-1"]
[WhiteElo "2689"]
[BlackElo "2915"]
[TimeControl "180+1"]
[EndTime "14:27:36 PDT"]
[Termination "DonkyDonkyDonkey won by checkmate"]

1. e4 c5 2. Nf3 d6 3. d4 cxd4 4.
Nxd4 Nf6 5. Nc3 a6 6. h3 e5 7. Nde2 h5 8. Bg5 Be6 9. Bxf6 Qxf6 10. Nd5 Qd8 11. Nec3 Nd7 12. Bc4 g6 13. O-O Bg7 14. Bb3 O-O 15. Qd2 Nc5 16. Rad1 Rc8 17. Ne3 Bxb3 18.
axb3 Rc6 19. Ned5 b5 20. b4 Ne6 21. Ne2 Rc4 22. f3 Kh7 23. c3 Bh6 24. Qd3 Rc6 25.
Ra1 Qg5 26. Ra2 f5 27. Rfa1 fxe4 28. Qxe4 Rc4 29. Qd3 Rh4 30. Rxa6 Rxh3 31. Ra7+ Bg7 32. Ne7 Rh4 33. Rb7 e4 34. fxe4 Rg4 35. g3 Nf4 36. Nxf4 Rxg3+ 37. Qxg3 Qxg3+ 38. Ng2 Rf2 39. Nf5 Qxg2# 0-1

[Event "Late-Titled-Tuesday-Blitz-April-16-2024"]
[Site "Chess.com"]
[Date "2024.04.16"]
[Round "3"]
[White "EcosseKillie"]
[Black "steepedgames"]
[Result "0-1"]
[WhiteElo "2251"]
[BlackElo "2480"]
[TimeControl "180+1"]
[EndTime "14:27:36 PDT"]
[Termination "steepedgames won by resignation"]

1. d4 f5 2. Bg5 h6 3. Bh4 g5 4. e4 Bg7 5. Bg3 f4 6. Bxf4 gxf4 7. Qh5+ Kf8 8. Qf5+ Ke8 9. Be2 Nf6 10. e5 e6 11.
Qxf4 Rf8 12. exf6 Rxf6 13. Bh5+ Kf8 14. Qe3 Nc6 15. Nf3 d6 16. O-O Kg8 17. Nbd2 Bd7 18. Bg4 Qf8 19. c3 Re8 20. Ne4 Rf4 21. Bh3 Bc8 22. Ng3 e5 23. Bxc8 Rxc8 24. Nh5 Rf5 25. Nxg7 Qxg7 26. dxe5 Nxe5 27. Nxe5 Rxe5 28. Qxa7 b6 29.
Qa6 Rce8 30. Qd3 Re2 31. b4 Rb2 32. Rfe1 Rxe1+ 33. Rxe1 Rxa2 34. Qd5+ Qf7 35. Qxa2 Qxa2 36. Rc1 Qd2 0-1

[Event "Late-Titled-Tuesday-Blitz-April-16-2024"]
[Site "Chess.com"]
[Date "2024.04.16"]
[Round "3"]
[White "chucksterf10"]
[Black "PapaieDudu"]
[Result "1-0"]
[WhiteElo "2580"]
[BlackElo "2337"]
[TimeControl "180+1"]
[EndTime "14:27:41 PDT"]
[Termination "chucksterf10 won on time"]

1. b3 d5 2. Bb2 c5 3. Nf3 Nc6 4. g3 Bg4 5. Bg2 Nf6 6. O-O e6 7. d3 Be7 8. Nbd2 O-O 9. Re1 Re8 10. h3 Bh5 11. e4 d4 12. g4 Bg6 13. Nh4 b5 14. f4 Rc8 15. f5 Nd7 16. Nhf3 c4 17. bxc4 bxc4 18. Nxc4 exf5 19. exf5 Bh5 20. gxh5 Nf6 21.
h6 gxh6 22. Nfe5 Nb4 23. Kh1 Nbd5 24. Rg1 Nf4 25. Qd2 N6h5 26. Bf3+ Bg5 27. Bxh5 Nxh5 28. h4 Qd5+ 29. Qg2 Ng3+ 30. Kh2 Rxe5 31. Nxe5 Qxe5 32.
Qxg3 Rxc2+ 33. Kh3 Qe2 34. Rg2 Qxg2+ 35. Qxg2 Rxg2 36.
Kxg2 Be3 37. f6 Kf8 38. Re1 h5 39. a4 a6 40. Kf3 1-0

[Event "Late-Titled-Tuesday-Blitz-April-16-2024"]
[Site "Chess.com"]
[Date "2024.04.16"]
[Round "3"]
[White "kleber2007"]
[Black "BogdanDeac"]
[Result "0-1"]
[WhiteElo "2522"]
[BlackElo "2998"]
[TimeControl "180+1"]
[EndTime "14:27:42 PDT"]
[Termination "BogdanDeac won by resignation"]

1. Nf3 d5 2. g3 Nd7 3. d4 Ngf6 4. Bg2 e6 5. O-O Be7 6. c4 O-O 7. Qc2 c6 8. Nbd2 b6 9. e4 dxc4 10. Nxc4 Bb7 11. Rd1 c5 12. d5 exd5 13. exd5 Bxd5 14. Bf4 Qc8 15. Nd6 Bxd6 16. Bxd6 Be4 17. Qc4 Qb7 18.
Bxf8 Rxf8 19. Nh4 Bxg2 20. Nxg2 Ne5 21. Qf4 Nf3+ 22. Kh1 Nd4 23. Rxd4 cxd4 24. Qxd4 Re8 25. Kg1 h6 26. Ne3 Qf3 27. Qd1 Qe4 28. Rc1 Qe6 29.
Qb3 Qxb3 30. axb3 Rd8 31. Rc7 Rd7 32. Rxd7 Nxd7 33. Kf1 Nc5 34. b4 Nd3 35. b3 Nxb4 36.
Ke2 Kf8 37. Kf3 Ke7 38. Ke4 g6 39. h4 Ke6 40. f4 f5+ 41. Kd4 Nc6+ 42. Kc4 a6 43. g4 fxg4 44. Nxg4 h5 45. Ne3 Ne7 46. b4 Nf5 47. Nd5 a5 48. b5 Nd6+ 49. Kd4 Nxb5+ 50. Kc4 Nd6+ 51. Kd4 Nf5+ 52. Kc4 b5+ 53. Kc5 Nxh4 54. Nc7+ Kf5 55. Nxb5 0-1